 Dungeon Crawl Stone Soup version 0.25.1-2-g60ff931df9 (webtiles) character file.

Game seed: 6692582502823402385

24 MrRokkomies the Slasher (level 2, -1/21 HPs)
             Began as a Vampire Chaos Knight on Aug 4, 2020.
             Was a Plaything of Xom.
             Slain by a quasit (2 damage)
             ... summoned by Xom
             ... on level 1 of the Dungeon.
             The game lasted 00:01:20 (9430 turns).

MrRokkomies the Slasher (Vampire Chaos Knight)      Turns: 9430, Time: 00:01:23

Health: -1/21      AC:  3    Str: 11      XL:     2   Next: 79%
Magic:  2/2        EV: 11    Int: 13 (14) God:    Xom [.*....]
Gold:   72         SH:  0    Dex:  6 (13) Spells: 1/1 levels left

rFire    . . .     SeeInvis +   a - +0 falchion (chaos)
rCold    . . .     Gourm    .   (no shield)
rNeg     . . .     Faith    .   b - +2 leather armour
rPois    +         Spirit   .   (no helmet)
rElec    +         Reflect  .   (no cloak)
rCorr    .         Harm     .   (no gloves)
MR       +....                  (no boots)
Stlth    +.........             (no amulet)
HPRegen  0.27/turn              (no ring)
MPRegen  0.08/turn              (no ring)

@: regenerating quickly
A: no food, fangs 3, see invisible, deformed body, frail 1, magic resistance 1,
poison resistance, electricity resistance, unbreathing
a: Exsanguinate, Renounce Religion


You were on level 1 of the Dungeon.
You worshipped Xom.
You were a plaything of Xom.
You were alive.

You visited 1 branch of the dungeon, and saw 1 of its levels.

You collected 72 gold pieces.

Inventory:

Hand Weapons
 a - a +0 falchion of chaos (weapon)
Missiles
 h - 10 poisoned darts (quivered)
Armour
 b - a +2 leather armour (worn)
Scrolls
 c - 2 scrolls of noise {unknown}
 e - a scroll of enchant weapon {unknown}
 f - a scroll of amnesia {unknown}
 g - a scroll of remove curse {unknown}
 i - a scroll of fog {unknown}
 j - a scroll of enchant armour {unknown}
Potions
 d - 3 potions of curing {unknown}


   Skills:
 * Level 3.1 Fighting
 * Level 3.4 Long Blades
 - Level 0.7 Armour
 + Level 2.4 Dodging
 + Level 0.6 Stealth


You had one spell level left.
You didn't know any spells.
Your spell library was empty.

Dungeon Overview and Level Annotations

Branches:
Dungeon (1/15)

Altars:


Innate Abilities, Weirdness & Mutations

You do not eat.
Your natural rate of healing is unusually fast.
You have razor-sharp teeth.
You have supernaturally acute eyesight. (SInv)
You can survive without breathing.
Armour fits poorly on your strangely shaped body.
You are frail. (-10% HP)
You are resistant to hostile enchantments. (MR+)
Your system is resistant to poisons. (rPois)
You are resistant to electric shocks. (rElec)


Message History

The quasit bites you.
* * * LOW HITPOINT WARNING * * *
The quasit claws you.
* * * LOW HITPOINT WARNING * * *
You feel clumsy. The quasit barely misses you.
You miss the quasit.
The quasit is lightly wounded.
The quasit bites you.
* * * LOW HITPOINT WARNING * * *
The quasit claws you but does no damage.
The quasit barely misses you.
You miss the quasit.
The quasit is lightly wounded.
The quasit bites you.
* * * LOW HITPOINT WARNING * * *
You feel clumsy. The quasit claws you.
You die... "It's all fun and games until someone loses an eye."

###### # #..5@# #
#....### #
####...### #
##....###### ###
##........#####..
##..[........#.†
#######.###..).
##### #†#....†.
#...######
##...###..


You could see a quasit (summoned, agile, invisible).

Vanquished Creatures
  2 dart slugs (D:1)
  A leopard gecko (D:1)
  A ball python (D:1)
  2 bats (D:1)
  A giant cockroach (D:1)
  2 goblins (D:1)
  2 hobgoblins (D:1)
  3 kobolds (D:1)
  6 rats (D:1)
20 creatures vanquished.

Notes
Turn   | Place    | Note
-------+----------+-------------------------------------------
     0 | D:1      | MrRokkomies the Vampire Chaos Knight began the quest for
                  | the Orb.
     0 | D:1      | Reached XP level 1. HP: 17/17 MP: 1/1
    80 | D:1      | Reached XP level 2. HP: 23/24 MP: 2/2
   225 | D:1      | XOM: divination: detect creatures
   243 | D:1      | XOM: divination: magic mapping
   501 | D:1      | XOM: silly message
  1071 | D:1      | XOM: silly message
  1221 | D:1      | XOM: silly message
  1350 | D:1      | XOM: noise
  1503 | D:1      | XOM: silly message
  1640 | D:1      | XOM: silly message
  1812 | D:1      | XOM: silly message
  2492 | D:1      | XOM: silly message
  2955 | D:1      | XOM: silly message
  3258 | D:1      | XOM: cloud trail
  4060 | D:1      | XOM is BORED!
  4060 | D:1      | XOM: noise
  4120 | D:1      | XOM: give mutation
  4120 | D:1      | Gained mutation: You are frail. (-10% HP) [Xom's mischief]
  4182 | D:1      | XOM: stat loss: -1 Int (13/14)
  4251 | D:1      | XOM: noise
  4290 | D:1      | XOM: give mutation
  4290 | D:1      | Gained mutation: You are weak. (Str -2) [Xom's mischief]
  5406 | D:1      | XOM: give mutation
  5406 | D:1      | Gained mutation: Armour fits poorly on your strangely
                  | shaped body. [Xom's mischief]
  5474 | D:1      | XOM is BORED!
  5650 | D:1      | XOM: silly message
  5987 | D:1      | XOM: cloud trail
  7224 | D:1      | XOM: give mutations
  7224 | D:1      | Gained mutation: You are very frail. (-20% HP) [Xom's
                  | mischief]
  7224 | D:1      | Gained mutation: Your system is resistant to poisons.
                  | (rPois) [Xom's mischief]
  8046 | D:1      | XOM: noise
  8543 | D:1      | XOM: give mutations
  8543 | D:1      | Lost mutation: You are very frail. (-20% HP) [Xom's
                  | mischief]
  8543 | D:1      | Lost mutation: You are weak. (Str -2) [Xom's mischief]
  8751 | D:1      | XOM: god gift: 27 gold pieces
  9349 | D:1      | XOM: give mutations
  9349 | D:1      | Gained mutation: You are resistant to electric shocks.
                  | (rElec) [Xom's grace]
  9349 | D:1      | Gained mutation: You are resistant to hostile enchantments.
                  | (MR+) [Xom's grace]
  9414 | D:1      | XOM: summons 2 hostile demons
  9430 | D:1      | HP: 1/21 [quasit[Xom] (1)]
  9430 | D:1      | Slain by a quasit

Illustrated notes

Levels and vault maps discovered:
D:1:      mrwooster_arrival_statue_2, layout_rooms, st_stairs_1

Skill      XL: |  1 |
---------------+----+-----
Fighting       | 3 |  3.1
Long Blades    | |  3.4
Armour         | |  0.7
Dodging        | |  2.4
Stealth        | |  0.6

Action                   || total
-------------------------++-------
Melee: Falchion          ||    55
       Bite              ||     3
Armor: Leather armour    ||    32
Dodge: Dodged            ||    56
       Rpst.: Falchion   ||     9
